 Dungeon Crawl Stone Soup version 0.29-a0-11-ga75d3d97ab (webtiles) character file.

Game seed: 5602889372091617466

123 kae the Ruffian (level 4, -7/36 HPs)
             Began as a Draconian Transmuter on Jan 28, 2022.
             Mangled by an ogre (9 damage)
             ... on level 5 of the Dungeon.
             The game lasted 00:01:29 (2469 turns).

kae the Ruffian (Draconian Transmuter)              Turns: 2469, Time: 00:01:29

Health: -7/36      AC:  2    Str: 12    XL:     4   Next: 80%
Magic:  1/7        EV: 19    Int: 16    God:
Gold:   128        SH:  0    Dex: 16    Spells: 3/7 levels left

rFire   . . .      SeeInvis .     - Unarmed
rCold   . . .      Faith    .   (shield currently unavailable)
rNeg    . . .      Spirit   .   (armour unavailable)
rPois   x          Reflect  .   (helmet currently unavailable)
rElec   .          Harm     .   (cloak currently unavailable)
rCorr   +          Rampage  .   (gloves currently unavailable)
Will    .....                   (boots currently unavailable)
Stlth   +.........              (no amulet)
HPRegen 0.12/turn               h - ring of resist corrosion
MPRegen 0.10/turn               (no ring)

@: spider-form, very slightly contaminated
A: venomous fangs, AC +5, tiny, unfitting armour, (cold-blooded)
a: End Transformation


You were on level 5 of the Dungeon.
You were a venomous arachnid creature.
You visited 1 branch of the dungeon, and saw 4 of its levels.

You collected 183 gold pieces.
You spent 55 gold pieces at shops.

Inventory:

Jewellery
 c - an amulet of guardian spirit
 h - a ring of resist corrosion (left front leg)
Scrolls
 f - 3 scrolls of enchant weapon
Potions
 a - a potion of might
 b - a potion of lignification
 d - 2 potions of brilliance {unknown}
 g - a potion of heal wounds


   Skills:
 + Level 2.0 Fighting
 + Level 2.3 Dodging
 * Level 3.8 Unarmed Combat
 + Level 2.4 Spellcasting
 * Level 3.0 Transmutations
 * Level 1.1 Poison Magic


You had 3 spell levels left.
You knew the following spells:

 Your Spells              Type           Power      Damage    Failure   Level
a - Beastly Appendage     Tmut           22%        N/A       17%         1
b - Spider Form           Tmut/Pois      8%         N/A       47%         3

Your spell library contained the following spells:

 Spells                   Type           Power      Damage    Failure   Level
 Wereblood                Tmut           11%        N/A       22%         2
 Passwall                 Tmut/Erth      5%         N/A       34%         2
 Ensorcelled Hibernation  Hex/Ice        2%         N/A       52%         2
 Dazzling Flash           Conj/Hex       2%         N/A       73%         3
 Swiftness                Air            1%         N/A       73%         3
 Ice Form                 Ice/Tmut       6%         N/A       87%         4
 Iskenderun's Mystic Bla  Conj/Tloc      1%         2d3       97%         4
 Starburst                Conj/Fire      0%         6d3       100%        6


Dungeon Overview and Level Annotations

Branches:
Dungeon (3/15)

Altars:

Shops:
D:2 **(=


Innate Abilities, Weirdness & Mutations

You are a venomous arachnid creature.
You have poisonous fangs.
You are tiny and dextrous.
Your spellcasting is less reliable in this form.
Your armour is entirely melded.
You are incapable of wielding weapons or throwing items.
((Your plain brown scales are hard. (AC +5)))
You cannot fit into any form of body armour.
((You are cold-blooded and may be slowed by cold attacks.))


Message History

No target in view!
No target in view!
No target in view!
You start waiting.
Done waiting.
You now have 128 gold pieces (gained 17).
You see here a howler monkey corpse.
An ogre comes into view. It is wielding a +0 giant club.
The ogre shouts!
Casting: Beastly Appendage (safe; 6% risk of failure)
Confirm with . or Enter, or press ? or * to list all spells.
The spell is quite dangerous to miscast (26% risk of failure)!
Continue anyway? [Y]es or [N]o only, please.
The spell is quite dangerous to miscast (26% risk of failure)!
Continue anyway?
You miscast Spider Form.
You are very lightly contaminated with residual magic.
Nothing appears to happen.
Casting: Spider Form (quite dangerous; 26% risk of failure)
Confirm with . or Enter, or press ? or * to list all spells.
The spell is quite dangerous to miscast (26% risk of failure)!
Continue anyway? [Y]es or [N]o only, please.
The spell is quite dangerous to miscast (26% risk of failure)!
Continue anyway?
You turn into a venomous arachnid creature.
You hit the ogre.
The ogre is poisoned.
The ogre is moderately wounded.
The ogre closely misses you.
You hit the ogre.
The ogre is moderately wounded.
The ogre completely misses you.
You hit the ogre.
The ogre looks as sick as possible!
The ogre is heavily wounded.
You hit the ogre.
The ogre is heavily wounded.
The ogre hits you with a +0 giant club!!
Ouch! That really hurt!
* * * LOW HITPOINT WARNING * * *
You hit the ogre.
The ogre is almost dead.
The ogre hits you with a +0 giant club!
You die...

##........###
###.....##
#####.# #.#
#.## #..#
##.# #.# #s#
#O# #..#
#...# #.....
#......
.........
.##...... #
##....


You could see an ogre (extremely poisoned).

Vanquished Creatures
  A howler monkey (D:5)
  2 adders (D:2)
  4 dart slugs
  3 ball pythons
  2 endoplasms
  14 giant cockroaches
  3 goblins (D:1)
  4 hobgoblins
  2 jackals (D:1)
  3 quokkas (D:1)
  6 bats
  4 frilled lizards
  2 kobolds
  4 rats
54 creatures vanquished.

Notes
Turn   | Place    | Note
-------+----------+-------------------------------------------
     0 | D:1      | kae the Draconian Transmuter began the quest for the Orb.
     0 | D:1      | Reached XP level 1. HP: 16/16 MP: 3/3
   160 | D:1      | Reached XP level 2. HP: 17/23 MP: 3/5
   857 | D:1      | Reached XP level 3. HP: 19/28 MP: 4/6
   861 | D:1      | Learned a level 3 spell: Spider Form
  1205 | D:2      | Found Rerphosis's General Store.
  1384 | D:2      | Bought a potion of heal wounds for 55 gold pieces
  1384 | D:2      | Found Tuottisu's General Store.
  1599 | D:2      | Found Zowaysmu's Weapon Boutique.
  1626 | D:2      | Found Nairid's Jewellery Emporium.
  1908 | D:2      | Found a faded altar of an unknown god.
  2093 | D:3      | Reached XP level 4. HP: 33/36 MP: 5/7
  2319 | D:3      | You fall into a shaft and drop 2 floors!
  2319 | D:5      | Entered Level 5 of the Dungeon
  2327 | D:5      | Reached skill level 1 in Poison Magic
  2456 | D:5      | Noticed an ogre
  2469 | D:5      | Mangled by an ogre

Illustrated notes

Levels and vault maps discovered:
D:1:      dpeg_arrival_shelter, layout_loops_cross
D:2:      layout_rooms, serial_shops, shop, nicolae_diamond_shop,
          nicolae_square_shop, nicolae_shop_behind_doors,
          shapermc_ecumenical_altar_starsandcircs, lemuel_another_geyser
D:3:      minmay_roachtagon, layout_rooms, zin_scriptorium
D:5:      layout_cave_pods, minmay_chambers_of_fives, uniq_crazy_yiuf_cottage

Skill      XL: |  1  2  3  4 |
---------------+-------------+-----
Dodging        | 2 |  2.3
Fighting       | 2 |  2.0
Transmutations | 3 |  3.0
Poison Magic   | 1 |  1.1
Unarmed Combat | |  3.8
Spellcasting   | |  2.4

Action                   |  1- 3 |  4- 6 || total
-------------------------+-------+-------++-------
Melee: Unarmed           |   134 |    44 ||   178
       Tailslap          |    12 |     3 ||    15
       Kick              |    21 |     8 ||    29
       Headbutt          |    12 |     3 ||    15
       Punch             |     1 |     1 ||     2
 Cast: Beastly Appendage |    28 |     3 ||    31
       Spider Form       |       |     1 ||     1
  Use: Scroll            |     6 |       ||     6
Armor: Skin              |    36 |    24 ||    60
Dodge: Dodged            |    79 |    29 ||   108

Table legend: (Time is in decaauts)
 A = Elapsed time spent in this place.
 B = Non-inter-level travel time spent in this place.
 C = Inter-level travel time spent in this place.
 D = Time resting spent in this place.
 E = Time spent auto-exploring this place.
 F = Levels seen in this place.
 G = Mean time per level.
                   A        B        C        D        E       F      G
               +--------+--------+--------+--------+--------+-----+--------+
         Total |   2460 |   2396 |     64 |    102 |   1884 |   4 |  615.0 |
       Dungeon |   2460 |   2396 |     64 |    102 |   1884 |   4 |  615.0 |
               +--------+--------+--------+--------+--------+-----+--------+

Top non-repeatable levels by time:
     D:1: 1174 daAuts
     D:2: 880 daAuts
     D:3: 256 daAuts
     D:5: 148 daAuts
